 Dungeon Crawl Stone Soup version 0.30-a0-469-g84de5afbc5 (webtiles) character file.

Game seed: 4966629686150932998

6899 greenreed the Geomancer (level 11, -2/56 HPs)
             Began as a Gargoyle Earth Elementalist on Dec 19, 2022.
             Was a Believer of Vehumet.
             Slain by Urug
             ... wielding a +6 scimitar
              (32 damage)
             ... on level 10 of the Dungeon.
             The game lasted 00:16:22 (8694 turns).

greenreed the Geomancer (GrEE)                      Turns: 8694, Time: 00:16:23

Health: -2/56      AC: 13    Str: 13    XL:     11   Next: 6%
Magic:  19/25      EV: 16    Int: 23    God:    Vehumet [**....]
Gold:   547        SH:  5    Dex:  8    Spells: 27/31 levels left

rFire   + . .      SeeInvis .    a - staff of conjuration
rCold   . . .      Faith    .    (no shield)
rNeg    + . .      Spirit   .    K - +1 robe of Purpose {rF+ Str+2 Int+2 Dex-2}
rPois   ∞          Reflect  +    v - +0 helmet
rElec   +          Harm     .    E - +0 cloak
rCorr   .          Rampage  .    (no gloves)
Will    .....                    (no boots)
Stlth   ++........               M - amulet of reflection
HPRegen 0.29/turn                H - +4 ring of evasion
MPRegen 0.19/turn                (no ring)

@: no status effects
A: sickness immunity, AC +8, negative energy resistance 1, electricity
resistance, torment resistance 1, petrification resistance
a: Renounce Religion


You were on level 10 of the Dungeon.
You worshipped Vehumet.
Vehumet was pleased with you.
You visited 1 branch of the dungeon, and saw 10 of its levels.
You also visited: Sewer.

You collected 547 gold pieces.

Inventory:

Hand Weapons
 s - a +2 dagger of holy wrath
Missiles
 r - 7 curare-tipped darts
 u - 13 poisoned darts
Armour
 v - a +0 helmet (worn)
 E - a +0 cloak (worn)
 K - the +1 robe of Purpose (worn) {rF+ Str+2 Int+2 Dex-2}
   (You found it on level 8 of the Dungeon)

   Str:       It affects your strength (+2).
   Int:       It affects your intelligence (+2).
   Dex:       It affects your dexterity (-2).
   rF:        It protects you from fire.
Magical Staves
 a - a staff of conjuration (weapon)
Jewellery
 h - an amulet of regeneration
 D - a +6 ring of strength
 H - a +4 ring of evasion (left hand)
 L - a +4 ring of evasion
 M - an amulet of reflection (around neck)
Wands
 k - a wand of iceblast (7)
 w - a wand of paralysis (10)
 B - a wand of flame (18)
 F - a wand of mindburst (15)
Scrolls
 c - 3 scrolls of vulnerability {unknown}
 d - 2 scrolls of enchant armour {unknown}
 e - 2 scrolls of blinking {unknown}
 g - 3 scrolls of fear {unknown}
 m - 7 scrolls of teleportation {unknown}
 p - a scroll of butterflies {unknown}
 q - 2 scrolls of amnesia {unknown}
 t - 8 scrolls of identify {unknown}
 x - 3 scrolls of enchant weapon {unknown}
 y - a scroll of poison {unknown}
 C - 2 scrolls of fog {unknown}
Potions
 b - 2 potions of magic
 f - 4 potions of heal wounds {unknown}
 i - 2 potions of mutation {unknown}
 j - a potion of ambrosia {unknown}
 l - 3 potions of invisibility {unknown}
 n - 2 potions of berserk rage {unknown}
 o - 5 potions of might {unknown}
 z - 2 potions of attraction {unknown}
 A - a potion of flight {unknown}
 G - a potion of brilliance {unknown}
 I - a potion of curing
 J - a potion of lignification {unknown}


   Skills:
 + Level 1.0 Fighting
 + Level 2.6 Dodging
 + Level 2.8 Stealth
 * Level 10.8 Spellcasting
 * Level 5.1 Conjurations
 + Level 0.7 Transmutations
 * Level 12.8 Earth Magic


You had 27 spell levels left.
You knew the following spells:

 Your Spells              Type           Power      Damage    Failure   Level
a - Sandblast             Erth           100%       2d20      1%          1
b - Stone Arrow           Conj/Erth      100%       3d13      1%          3

Your spell library contained the following spells:

 Spells                   Type           Power      Damage    Failure   Level
 Kiss of Death            Conj/Necr      100%       2d13      1%          1
 Passwall                 Tmut/Erth      35%        N/A       1%          2
 Petrify                  Tmut/Erth      43%        N/A       3%          4
 Slow                     Hex            48%        N/A       5%          1
 Dazzling Flash           Conj/Hex       72%        N/A       5%          3
 Hailstorm                Conj/Ice       36%        3d9       5%          3
 Confusing Touch          Hex            12%        N/A       16%         3
 Ozocubu's Armour         Ice            12%        N/A       16%         3
 Vampiric Draining        Necr           12%        2d6       16%         3
 Iskenderun's Battlesphe  Conj           53%        2d10      17%         5
 Iskenderun's Mystic Bla  Conj/Tloc      36%        2d9       19%         4
 Ice Form                 Ice/Tmut       14%        N/A       41%         4
 Fireball                 Conj/Fire      18%        3d9       45%         5
 Conjure Ball Lightning   Conj/Air       18%        3x3d7     95%         6
 Starburst                Conj/Fire      18%        6d7       95%         6
 Orb of Destruction       Conj           26%        9d9       99%         7
 Simulacrum               Ice/Necr       6%         N/A       100%        6
 Ozocubu's Refrigeration  Ice            6%         4d8       100%        7


Dungeon Overview and Level Annotations

Branches:
Dungeon (10/15)            Temple (0/1) D:7           Sewer (visited)
   Lair: D:8-11         Orc: D:9-12

Altars:
Ashenzari
Dithmenos
Fedhas
Gozag
Qazlal
Ru
Vehumet
Wu Jian
The Shining One

Shops:
D:4 (   D:8 =

Annotations:
D:9 2 runed translucent doors
D:10 Urug


Innate Abilities, Weirdness & Mutations

You are immune to sickness and miasma.
Your stone body is resilient. (AC +8)
You are immune to poison.
You resist negative energy. (rN+)
You are resistant to electric shocks. (rElec)
You are resistant to unholy torment.
You are immune to petrification.


Message History

The blast of sand hits the vampire mosquito!
The vampire mosquito is heavily damaged.
The vampire mosquito misses you.
The vampire mosquito bites you but does no damage.
The vampire mosquito completely misses you.
The blast of sand hits the vampire mosquito!
You destroy the vampire mosquito!
Vehumet accepts your kill.
You feel your power returning.
You can't see any susceptible monsters within range! (Use Z to cast anyway.)
The blast of sand hits the orc wizard!!
You kill the orc wizard!
Vehumet accepts your kill.
You feel your power returning.
Your Fighting skill increases to level 1!
Magic restored.
HP restored.
You now have 547 gold pieces (gained 19).
As you open the door, it creaks loudly!
Urug the Orcish Ballista comes into view.
She is wielding a +6 scimitar and wearing a +2 chain mail of poison resistance.
Urug shouts!
You hear a bellow!
The blast of sand hits Urug!
Urug is moderately wounded.
The blast of sand hits Urug!
Urug is moderately wounded.
Urug throws a javelin.
The javelin pierces through you!
Urug throws a javelin.
The javelin pierces through you!
The blast of sand hits Urug but does no damage.
Urug is moderately wounded.
The blast of sand misses Urug.
Urug hits you but does no damage. x2
Casting: Sandblast (safe; 1% risk of failure)
Confirm with . or Enter, or press ? or * to list all spells.
Aiming: Stone Arrow (safe; 1% risk of failure)
Press: ? - help, Shift-Dir - straight line, f/p - Urug
Aim: Urug, wielding a +6 scimitar, wearing a +2 chain mail of poison resistance and quivering javelins (moderately wounded, 75% to hit)
You feel a surge of power!
The stone arrow misses Urug.
Urug screams, "Prepare for a defeathering!"
Urug hits you with a +6 scimitar!!
Ouch! That really hurt!
You die...

........ .....o
..... .... #
#+#.. .. #.#.#.#
... ##+#.#.#o##
....
#.......@.###....
#................
#................
+................
#................
#................
#................
#................
.
#.....##.#+######
..


You could see Urug.

Vanquished Creatures
  Erica (D:9)
  Pikel (D:9)
  Joseph (D:9)
  Psyche (D:8)
  Grinder (D:5)
  A shadow (D:9)
  9 yaks
  2 vampire mosquitoes
  Grum (D:9)
  2 steam dragons
  An acid dragon (D:8)
  2 orc warriors
  2 black bears
  Pargi (Sewer)
  An ice beast (D:7)
  2 ogres
  2 wolves (D:9)
  2 lemures (D:9)
  2 centaurs
  3 kobold brigands
  A gnoll sergeant (D:9)
  4 bullfrogs
  2 necrophages
  A scorpion (D:6)
  5 wights (D:8)
  4 killer bees (D:9)
  3 howler monkeys (D:7)
  2 hounds
  A jelly (D:6)
  2 orc priests
  3 iguanas
  8 orc wizards
  A boggart simulacrum (D:9)
  10 adders
  3 gnolls (D:9)
  A shadow imp (D:8)
  A white imp (D:5)
  2 worms
  3 dart slugs
  21 orcs
  12 ball pythons
  4 bats
  7 endoplasms
  3 giant cockroaches
  7 hobgoblins
  7 jackals
  3 quokkas
  5 frilled lizards
  7 goblins
  25 kobolds
  8 rats
204 creatures vanquished.

Notes
Turn   | Place    | Note
-------+----------+-------------------------------------------
     0 | D:1      | greenreed the Gargoyle Earth Elementalist began the quest
                  | for the Orb.
     0 | D:1      | Reached XP level 1. HP: 10/10 MP: 3/3
   168 | D:1      | Reached skill level 4 in Earth Magic
   246 | D:1      | Reached XP level 2. HP: 15/15 MP: 0/5
  1007 | D:1      | Reached XP level 3. HP: 19/19 MP: 3/6
  1681 | D:2      | Found a faded altar of an unknown god.
  2406 | D:3      | Noticed a centaur
  2505 | D:3      | Reached XP level 4. HP: 24/24 MP: 5/8
  2510 | D:3      | Killed a centaur
  2511 | D:3      | Reached skill level 5 in Earth Magic
  2511 | D:3      | Reached XP level 5. HP: 25/28 MP: 1/10
  3057 | D:4      | Found a sacrificial altar of Ru.
  3077 | D:4      | Found a broken altar of Ashenzari.
  3088 | D:4      | Found a glowing golden altar of the Shining One.
  3088 | D:4      | Found a blossoming altar of Fedhas.
  3102 | D:4      | Reached XP level 6. HP: 33/33 MP: 9/12
  3130 | D:4      | Found Zausoefio's Antique Weapon Shoppe.
  3150 | D:4      | Reached skill level 6 in Earth Magic
  3298 | D:4      | Found a glowing drain.
  3341 | Sewer    | Entered a sewer
  3402 | Sewer    | Noticed Pargi
  3406 | Sewer    | Killed Pargi
  3407 | Sewer    | Reached skill level 5 in Spellcasting
  3407 | Sewer    | Reached XP level 7. HP: 37/37 MP: 9/14
  4031 | D:5      | Entered Level 5 of the Dungeon
  4122 | D:5      | Found a radiant altar of Vehumet.
  4139 | D:5      | Became a worshipper of Vehumet
  4162 | D:5      | Noticed Grinder
  4167 | D:5      | Killed Grinder
  4168 | D:5      | Reached skill level 7 in Earth Magic
  4268 | D:5      | Learned a level 3 spell: Stone Arrow
  4311 | D:5      | Reached XP level 8. HP: 42/42 MP: 12/17
  4350 | D:5      | Found a stormy altar of Qazlal.
  4506 | D:5      | Found an ornate altar of the Wu Jian Council.
  4713 | D:5      | Reached skill level 8 in Earth Magic
  5056 | D:6      | Reached skill level 1 in Conjurations
  6243 | D:7      | Reached skill level 9 in Earth Magic
  6344 | D:7      | Found a staircase to the Ecumenical Temple.
  6355 | D:7      | Reached * piety under Vehumet
  6355 | D:7      | Offered knowledge of Magic Dart by Vehumet.
  6579 | D:7      | Reached XP level 9. HP: 46/46 MP: 16/19
  6759 | D:8      | Found an opulent altar of Gozag.
  6808 | D:8      | Noticed Psyche
  6812 | D:8      | Killed Psyche
  6813 | D:8      | Reached skill level 10 in Earth Magic
  6846 | D:8      | Found a shadowy altar of Dithmenos.
  6906 | D:8      | Reached skill level 11 in Earth Magic
  7196 | D:8      | Reached XP level 10. HP: 51/51 MP: 17/22
  7376 | D:8      | Identified the +1 robe of Purpose {rF+ Str+2 Int+2 Dex-2}
  7390 | D:8      | Found Migynus's Jewellery Boutique.
  7731 | D:9      | Noticed an ice dragon
  7732 | D:9      | Found a runed translucent door.
  7732 | D:9      | Found a runed translucent door.
  7732 | D:9      | Noticed a fire dragon
  7732 | D:9      | Noticed an ice dragon
  7732 | D:9      | Found the +2 shield of Resistance {rF++ rC++ Will++}
  7733 | D:9      | Noticed a fire dragon
  7781 | D:9      | Reached ** piety under Vehumet
  7781 | D:9      | Offered knowledge of Kiss of Death by Vehumet.
  8065 | D:9      | Reached skill level 12 in Earth Magic
  8102 | D:9      | Noticed Joseph
  8106 | D:9      | Killed Joseph
  8107 | D:9      | Reached skill level 10 in Spellcasting
  8334 | D:9      | Noticed Erica
  8338 | D:9      | Killed Erica
  8398 | D:9      | Noticed Pikel
  8407 | D:9      | Killed Pikel
  8590 | D:10     | Entered Level 10 of the Dungeon
  8590 | D:10     | Noticed Grum
  8599 | D:9      | Reached skill level 5 in Conjurations
  8599 | D:9      | Reached XP level 11. HP: 51/55 MP: 22/25
  8627 | D:9      | Killed Grum
  8648 | D:10     | Reached skill level 1 in Fighting
  8685 | D:10     | Noticed Urug
  8694 | D:10     | Slain by Urug

Illustrated notes

Levels and vault maps discovered:
D:1:      dpeg_arrival_windows_large_door, layout_basic,
          chequers_decorated_corner, nicolae_eternal_life,
          chequers_serial_rivers_large_a, minmay_misc_feat_iff,
          minmay_misc_feat_enclosed, roderic_roman_lattice, minivault_5
D:2:      layout_loops_ring, hellmonk_ecumenical_altar_blasted,
          nicolae_hexahallways, minmay_misc_feat_pillars
D:3:      layout_rooms
D:4:      layout_cave_pools, grunt_temple_overflow_open, portal_sewer_entry_e,
          nicolae_stop_n_shop_1, minmay_surrounded
D:5:      layout_loops_ring, fiery_altar_vehumet,
          nicolae_qazlal_eye_of_the_storm, mainiacjoe_overflow_small_starburst,
          minivault_4, uniq_grinder
D:6:      layout_layer_cave
D:7:      layout_loops_ring, minmay_temple_entry_junction_2
D:8:      layout_loops_ring, nicolae_gozag_cash_rules_everything_around_me,
          mainiacjoe_overflow_surrounded_room, minmay_shop_enchanted_jewellery,
          kennysheep_windowed_goal, uniq_psyche
D:9:      layout_roguey, minmay_guarded_unrand_resistance, uniq_pikel,
          uniq_erica, uniq_joseph
D:10:     layout_basic, erik_lair_island, serial_shops,
          nicolae_inconvenience_store, uniq_grum, uniq_urug

Skill      XL: |  1  2  3  4  5  6  7  8  9 10 11 |
---------------+----------------------------------+-----
Earth Magic    | 4 5 6 7 9 11 12 | 12.8
Spellcasting   | 3 4 5 6 7 8 10 | 10.8
Conjurations   | 2 3 5 |  5.1
Dodging        | 2 |  2.6
Fighting       | 1 |  1.0
Stealth        | |  2.8
Transmutations | |  0.7

Action                   |  1- 3 |  4- 6 |  7- 9 | 10-12 || total
-------------------------+-------+-------+-------+-------++-------
Melee: Unarmed           |     5 |    15 |       |       ||    20
 Cast: Sandblast         |    50 |    73 |   136 |    84 ||   343
       Stone Arrow       |       |       |       |     8 ||     8
Armor: Robe              |     5 |    39 |    12 |    23 ||    79
Dodge: Dodged            |     8 |    30 |    32 |    58 ||   128
Block: Other             |       |       |       |     7 ||     7
       Reflection        |       |       |       |     1 ||     1

Table legend: (Time is in decaauts)
 A = Elapsed time spent in this place.
 B = Non-inter-level travel time spent in this place.
 C = Inter-level travel time spent in this place.
 D = Time resting spent in this place.
 E = Time spent auto-exploring this place.
 F = Levels seen in this place.
 G = Mean time per level.
                   A        B        C        D        E       F      G
               +--------+--------+--------+--------+--------+-----+--------+
         Total |   8904 |   8537 |    367 |     97 |   7072 |  11 |  809.5 |
       Dungeon |   8636 |   8269 |    367 |     97 |   6857 |  10 |  863.6 |
         Sewer |    267 |    267 |      0 |      0 |    215 |   1 |  267.0 |
               +--------+--------+--------+--------+--------+-----+--------+

Top non-repeatable levels by time:
     D:1: 1335 daAuts
     D:6: 1168 daAuts
     D:2: 1155 daAuts
     D:8: 1025 daAuts
     D:9: 944 daAuts
     D:7: 824 daAuts
     D:4: 772 daAuts
     D:5: 732 daAuts
     D:3: 609 daAuts
   Sewer: 267 daAuts
    D:10: 68 daAuts
